 Dungeon Crawl Stone Soup version 0.30.0-18-gc0e69614cb (webtiles) character file.

Game seed: 7737671793464165385

557 safid the Chiller (level 7, -2/53 HPs)
             Began as a Merfolk Ice Elementalist on May 25, 2023.
             Slain by a gnoll sergeant
             ... wielding a +0 spear
              (6 damage)
             ... on level 5 of the Dungeon.
             The game lasted 00:09:37 (4487 turns).

safid the Chiller (Merfolk Ice Elementalist)        Turns: 4487, Time: 00:09:37

Health: -2/53      AC:  9    Str:  8    XL:     7   Next: 30%
Magic:  12/12      EV: 14    Int: 16    God:
Gold:   246        SH:  0    Dex: 17    Spells: 6/13 levels left

rFire   . . .        k - +2 short sword (speed)
rCold   + . .        (no shield)
rNeg    . . .        a - +0 robe
rPois   +            (no helmet)
rElec   .            (no cloak)
rCorr   .            p - +0 pair of gloves
SInv    .            (no boots)
Will    .....        o - amulet of magic regeneration
Stlth   ++           n - ring "Ottimuuk" {+Blink rPois rC+ Dex+2}
HPRegen 0.28/turn    (no ring)
MPRegen 0.53/turn

%: no passive effects
@: ice-armoured, freezing walls, studying Evocations
A: (nimble swimmer 2), mertail
a: Evoke Blink


You were on level 5 of the Dungeon.
You visited 1 branch of the dungeon, and saw 5 of its levels.
You also visited: Sewer.

You collected 246 gold pieces.

Inventory:

Hand Weapons
 k - a +2 short sword of speed (weapon)
Missiles
 t - a curare-tipped dart
 z - a throwing net
Armour
 a - a +0 robe (worn)
 p - a +0 pair of gloves (worn)
Jewellery
 n - the ring "Ottimuuk" (left hand) {+Blink rPois rC+ Dex+2}
   (You found it on level 3 of the Dungeon)

   [ring of poison resistance]

   Dex:       It affects your dexterity (+2).
   rC:        It protects you from cold.
   rPois:     It protects you from poison.
   +Blink:    It lets you blink.
 o - an amulet of magic regeneration (around neck)
Scrolls
 e - a scroll of fog {unknown}
 f - 2 scrolls of acquirement {unknown}
 g - 3 scrolls of noise {unknown}
 h - 3 scrolls of teleportation {unknown}
 i - a scroll of magic mapping {unknown}
 j - a scroll of blinking {unknown}
 l - 4 scrolls of identify {unknown}
 m - 2 scrolls of silence {unknown}
 q - a scroll of fear {unknown}
 s - a scroll of brand weapon {unknown}
 x - a scroll of amnesia {unknown}
 y - a scroll of torment {unknown}
Potions
 b - 2 potions of magic
 c - 2 potions of attraction {unknown}
 d - 3 potions of curing
 r - a potion of might {unknown}
 u - 2 potions of haste
 v - a potion of mutation {unknown}
 w - a potion of flight {unknown}


   Skills:
 + Level 3.9 Fighting
 - Level 4.0 Dodging
 - Level 2.1 Stealth
 + Level 3.9 Spellcasting
 + Level 6.0 Ice Magic
 + Level 4.0 Evocations


You had 6 spell levels left.
You knew the following spells:

 Your Spells              Type           Power      Damage    Failure   Level
a - Freeze                Ice            88%        1d9       1%          1
b - Frozen Ramparts       Ice            44%        1d7       4%          3
c - Ozocubu's Armour      Ice            22%        N/A       4%          3

Your spell library contained the following spells:

 Spells                   Type           Power      Damage    Failure   Level
 Apportation              Tloc           6%         N/A       17%         1
 Kiss of Death            Conj/Necr      12%        2d6       17%         1
 Sting                    Tmut/Pois      12%        1d3       17%         1
 Summon Small Mammal      Summ           12%        N/A       17%         1
 Poisonous Vapours        Pois/Air       6%         N/A       26%         2
 Summon Ice Beast         Ice/Summ       12%        N/A       43%         4
 Call Canine Familiar     Summ           3%         N/A       45%         3
 Confusing Touch          Hex            3%         N/A       45%         3
 Inner Flame              Hex/Fire       3%         N/A       45%         3
 Summon Guardian Golem    Hex/Summ       3%         N/A       45%         3
 Dispel Undead            Necr           3%         3d7       86%         4
 Flame Wave               Conj/Fire      3%         2d5       86%         4
 Olgreb's Toxic Radiance  Pois           3%         N/A       86%         4
 Sticky Flame             Conj/Fire      3%         2d3       86%         4
 Alistair's Intoxication  Tmut/Pois      2%         N/A       99%         5


Dungeon Overview and Level Annotations

Branches:
Dungeon (5/15)              Sewer (visited)
 Temple: D:4-7

Altars:
Cheibriados
Trog
Wu Jian


Innate Abilities, Weirdness & Mutations

((You are very nimble when in or above water. (Stealth+, EV+, Speed+++)))
Your lower body shifts to a powerful aquatic tail in water.


Message History

It was a potion of curing.
You feel better.
The wall freezes the gnoll sergeant but does no damage.
The gnoll sergeant hits you from afar with a +0 spear.
* * * LOW HITPOINT WARNING * * *
You feel better.
The wall freezes the gnoll sergeant but does no damage.
The gnoll sergeant hits you from afar with a +0 spear.
* * * LOW HITPOINT WARNING * * *
You feel better.
The wall freezes the gnoll sergeant but does no damage.
The gnoll sergeant hits you from afar with a +0 spear.
* * * LOW HITPOINT WARNING * * *
Unknown command.
The frozen ramparts melt away.
The gnoll sergeant barely misses you.
Casting: Frozen Ramparts (dangerous; 4% risk of failure)
Confirm with . or Enter, or press ? or * to list all spells.
Casting: Frozen Ramparts (dangerous; 4% risk of failure)
Press: ? - help, Dir - look around, f - activate The walls around you are covered in ice.
The wall freezes the gnoll sergeant but does no damage.
The gnoll sergeant hits you from afar with a +0 spear.
* * * LOW HITPOINT WARNING * * *
Unknown command.
The wall freezes the gnoll sergeant but does no damage.
The gnoll sergeant closely misses you.
The wall freezes the gnoll sergeant but does no damage.
The gnoll sergeant hits you from afar with a +0 spear.
* * * LOW HITPOINT WARNING * * *
The wall freezes the gnoll sergeant.
The gnoll sergeant hits you from afar with a +0 spear.
* * * LOW HITPOINT WARNING * * *
The wall freezes the gnoll sergeant but does no damage.
The gnoll sergeant hits you from afar with a +0 spear.
* * * LOW HITPOINT WARNING * * *
The wall freezes the gnoll sergeant but does no damage.
The gnoll sergeant closely misses you.
The wall freezes the gnoll sergeant.
The gnoll sergeant barely misses you.
The wall freezes the gnoll sergeant.
The gnoll sergeant hits you from afar with a +0 spear.
You die...

..# #<#
#........# ..#
### #........#
..# #........#
..# #........#
..#
###.#######
..#
######.##....#
..#
#.........#
..#
#.......#####
###
#.......)@..#
#......####g#
#.>..... ..#
#....... ##.#
#....... #g#
#....g... ...
#....g. ...
...


You could see a gnoll sergeant.

Vanquished Creatures
  A black bear (D:4)
  A phantom (D:4)
  A kobold brigand (Sewer)
  A hound (D:4)
  An orc priest (D:4)
  An orc wizard (D:4)
  7 gnolls
  4 adders
  A river rat (D:3)
  An ufetubus (D:4)
  2 dart slugs (D:1)
  9 orcs
  5 ball pythons
  10 endoplasms
  5 giant cockroaches
  4 goblins
  13 hobgoblins
  3 jackals (D:1)
  3 quokkas
  9 bats
  6 frilled lizards
  16 kobolds
  12 rats
116 creatures vanquished.

Notes
Turn   | Place    | Note
-------+----------+-------------------------------------------
     0 | D:1      | safid the Merfolk Ice Elementalist began the quest for the
                  | Orb.
     0 | D:1      | Reached XP level 1. HP: 13/13 MP: 3/3
   181 | D:1      | Reached XP level 2. HP: 20/20 MP: 1/5
   249 | D:1      | Reached skill level 1 in Fighting
   552 | D:1      | Reached XP level 3. HP: 14/26 MP: 4/6
  1381 | D:2      | Found an ornate altar of the Wu Jian Council.
  1505 | D:2      | Learned a level 3 spell: Frozen Ramparts
  1509 | D:2      | Learned a level 3 spell: Ozocubu's Armour
  1531 | D:2      | Reached skill level 5 in Ice Magic
  1534 | D:2      | Reached XP level 4. HP: 15/33 MP: 0/8
  2377 | D:3      | Identified the ring "Ottimuuk" {+Blink rPois rC+ Dex+2}
  2564 | D:3      | Found a glowing drain.
  2581 | Sewer    | Entered a sewer
  2769 | Sewer    | Reached XP level 5. HP: 39/39 MP: 9/9
  2770 | Sewer    | Reached skill level 1 in Evocations
  2773 | Sewer    | Noticed a kobold brigand
  2786 | Sewer    | Killed a kobold brigand
  3103 | D:3      | Found a snail-covered altar of Cheibriados.
  3175 | D:3      | Found an ornate altar of the Wu Jian Council.
  3557 | D:4      | Reached XP level 6. HP: 46/46 MP: 5/10
  3711 | D:4      | Found a bloodstained altar of Trog.
  3964 | D:4      | Noticed a black bear
  3982 | D:4      | Killed a black bear
  4159 | D:4      | Reached XP level 7. HP: 52/52 MP: 9/12
  4210 | D:4      | Reached skill level 6 in Ice Magic
  4388 | D:5      | Entered Level 5 of the Dungeon
  4476 | D:5      | HP: 2/53 [gnoll sergeant/+0 spear (6)]
  4487 | D:5      | Slain by a gnoll sergeant

Illustrated notes

Levels and vault maps discovered:
D:1:      dpeg_arrival_prison, layout_basic, due_unseen_surprise
D:2:      layout_basic, basic_altar, minmay_fountain_box
D:3:      layout_loops_cross, mainiacjoe_overflow_concentric_impassable,
          mainiacjoe_overflow_surrounded_room, portal_sewer_entry_b,
          ebering_dispersal_statue_hall, hangedman_abyss_or_decor_stabs,
          nicolae_titane
D:4:      layout_gridville, lemuel_crystal_altar
D:5:      layout_basic, marbit_many_paths

Skill      XL: |  1  2  3  4  5  6  7 |
---------------+----------------------+-----
Fighting       | 1 2 3 |  3.9
Ice Magic      | 5 6 |  6.0
Spellcasting   | 3 |  3.9
Evocations     | 2 3 4 |  4.0
Dodging        | 3 4 |  4.0
Stealth        | |  2.1

Action                     |  1- 3 |  4- 6 |  7- 9 || total
---------------------------+-------+-------+-------++-------
  Melee: Dagger            |    51 |       |       ||    51
         Unarmed           |     2 |       |       ||     2
         Short sword       |     5 |   106 |    27 ||   138
         Punch             |     1 |     1 |       ||     2
   Cast: Freeze            |    42 |    57 |       ||    99
         Frozen Ramparts   |     2 |     6 |     6 ||    14
         Ozocubu's Armour  |       |     3 |     2 ||     5
    Use: Potion            |       |       |     3 ||     3
   Stab: Sleeping          |     1 |     7 |       ||     8
 Armour: Robe              |    28 |    35 |    11 ||    74
  Dodge: Dodged            |    60 |    76 |    44 ||   180
